 Dungeon Crawl Stone Soup version 0.17-a0-1830-g81820eb (webtiles) character file.

115951 Medved the Executioner (level 16, -8/220 HPs)
             Began as a Minotaur Berserker on Sept 12, 2015.
             Was the Champion of Trog.
             Killed from afar by a fire dragon (48 damage)
             ... with a blast of flame
             ... on level 15 of the Dungeon on Sept 13, 2015.
             The game lasted 02:04:36 (35961 turns).

Medved the Executioner (Minotaur Berserker)        Turns: 35961, Time: 02:04:40

Health: -8/220     AC: 26    Str: 28    XL:     16   Next: 19%
Magic:  15/15      EV: 12    Int: 11    God:    Trog [******]
Gold:   3071       SH: 12    Dex: 15    Spells: 0 memorised, 15 levels left

rFire  . . .     SeeInvis +     L - +10 war axe of Trog's Favour {chop, *Confuse rPois Int+4 Dex+2}
rCold  . . .     Clarity  .     U - +3 plate armour {rPois}
rNeg   + + .     SustAt   .     Z - +0 shield {rN+}
rPois  +         Gourm    +     g - +2 hat
rElec  .         Spirit   .     I - +0 cloak {+Inv}
rCorr  .         Warding  .     J - +0 pair of gloves
rMut   .         Stasis   .     (no boots)
MR     +....                    p - amulet of the gourmand
Stlth  ..........               y - ring "Vymus" {+Blink rPois rN+ SInv}
                                f - +3 ring of evasion

@: berserking, very quick, somewhat resistant to hostile enchantments, extremely
unstealthy
A: retaliatory headbutt, horns 2
a: Burn Spellbooks, Berserk, Trog's Hand, Brothers in Arms, Renounce Religion,
Evoke Blink, Evoke Invisibility


You were on level 15 of the Dungeon.
You worshipped Trog.
Trog was exalted by your worship.
You were very full.

You visited 3 branches of the dungeon, and saw 27 of its levels.
You also visited: Sewer and Bailey.

You collected 3340 gold pieces.
You spent 269 gold pieces at shops.

Inventory:

Hand weapons
 L - the +10 war axe of Trog's Favour (weapon) {chop, *Confuse rPois Int+4 Dex+2}
   (Trog gifted it to you on level 14 of the Dungeon)

   It inflicts extra damage upon your enemies.
   It affects your intelligence (+4).
   It affects your dexterity (+2).
   It protects you from poison.
   It may confuse you when you take damage.
Armour
 g - a +2 hat (worn)
 I - a +0 cloak of invisibility (worn)
 J - a +0 pair of gloves (worn)
 U - a +3 plate armour of poison resistance (worn)
 Z - a +0 shield of positive energy (worn)
Jewellery
 e - an uncursed amulet of warding {unknown}
 f - a +3 ring of evasion (left hand)
 o - an uncursed ring of flight
 p - an amulet of the gourmand (around neck)
 t - an uncursed ring of fire {unknown}
 y - the ring "Vymus" (right hand) {+Blink rPois rN+ SInv}
   (You found it on level 11 of the Dungeon)

   [ring of poison resistance]

   It protects you from poison.
   It protects you from negative energy.
   It lets you see invisible.
   It lets you blink.
 D - an uncursed amulet of regeneration {unknown}
 F - an uncursed ring of fire {unknown}
 K - an uncursed ring of protection from fire
 O - an uncursed amulet of warding {unknown}
Magical devices
 i - a wand of teleportation (8)
 s - a wand of digging (9)
 E - a wand of digging (13)
 N - a wand of disintegration (11)
 Q - a wand of paralysis (15)
Scrolls
 a - a scroll of holy word
 b - 3 scrolls of fear
 h - 3 scrolls of fog
 k - a scroll of magic mapping
 l - 2 scrolls of recharging
 m - 5 scrolls of enchant armour
 n - 5 scrolls of teleportation
 u - 9 scrolls of remove curse
 A - a scroll of blinking
 B - 2 scrolls of enchant weapon
Potions
 d - 3 potions of haste
 j - 3 potions of lignification {unknown}
 q - 11 potions of curing
 r - 7 potions of heal wounds
 w - 2 potions of cancellation
 x - 3 potions of might
 z - 4 potions of flight {unknown}
 C - 2 potions of degeneration {unknown}
 G - a potion of resistance {unknown}
 M - 2 potions of agility {unknown}
 R - 5 potions of brilliance {unknown}
 X - a potion of invisibility
 Y - 2 potions of poison {unknown}
Books
 S - a book of Maledictions

   Spells                             Type                      Level
   a - Corona                         Hexes                        1
   b - Ensorcelled Hibernation        Hexes/Ice                    2
   c - Confuse                        Hexes                        3
   d - Tukima's Dance                 Hexes                        3
   e - Dazzling Spray                 Conjuration/Hexes            3
   Trog disapproves of the use of such an item.
Comestibles
 c - 2 chunks of flesh
 v - 4 beef jerkies
 P - 2 meat rations
 T - a slice of pizza
 V - 4 fruits
 W - 2 royal jellies


   Skills:
 + Level 14.4 Fighting
 * Level 22.5 Axes
 * Level 17.5 Armour
 + Level 3.2 Dodging
 + Level 9.0 Shields


You had 15 spell levels left.
You didn't know any spells.

Dungeon Overview and Level Annotations

Branches:
Dungeon (15/15)            Temple (0/1) D:5            Lair (8/8) D:10
 Shoals (0/4) Lair:4        Snake (0/4) Lair:6        Slime (0/6) Lair:8
    Orc (4/4) D:12            Elf (0/3) Orc:4        Vaults (0/5) D:14
 Depths: D:15

Altars:
Ashenzari
Dithmenos
Gozag
Makhleb
Okawaru
Ru
Sif Muna
Trog
Yredelemnul
Zin
Beogh

Shops:
D:5 :   D:8 *   D:9 (   D:11 (   D:14 (   Orc:2 :   Orc:4 %?((}


Innate Abilities, Weirdness & Mutations

You reflexively headbutt those who attack you in melee.
You have a pair of horns on your head.


Message History

The ice dragon breathes frost at you. The blast of cold hits you!
You block the fire dragon's attack.
The fire dragon claws you but does no damage.
You block the fire dragon's attack.
You slice the fire dragon!! You headbutt the fire dragon.
The fire dragon is heavily wounded.
You slash the ice dragon!
The ice dragon is moderately wounded.
You block the ice dragon's attack. The ice dragon claws you.
* * * LOW HITPOINT WARNING * * *
The ice dragon tramples you!
* * * LOW HITPOINT WARNING * * *
You hold your ground!
You slash the fire dragon! You headbutt the fire dragon!
The fire dragon is almost dead.
You slice the ice dragon!!
The ice dragon is severely wounded.
The fire dragon breathes flames at you. The blast of flame hits you!
You die...

.#....#..# #.# #....#
.#....#..#######.# #....#
.+....#..........# .
.######..........#######..
.............((.(.........
.........########......#.
#'#+##..##$$$$.###.8..##
.....#.##......D##...##
.....#.# #D@...## .....#.#
.......##### .. ######..
#$$$$.# .. ... ###### ..
... #.# .... #.# #.# #.#
#.# #.#+###
#.##########......


You could see a fire dragon and an ice dragon.

Vanquished Creatures
  Rupert (D:13)
  A tengu reaver (D:11)
  Maud (Lair:8)
  A dire elephant (Lair:8)
  Josephine (Lair:4)
  Erolcha (D:11)
  Fannar (D:11)
  9 hydras
  Harold (Lair:1)
  A catoblepas (Lair:8)
  6 centaur warriors
  19 death yaks
  The ghost of matakusis the Covert, a powerful DsEn of Dithmenos (Orc:1)
  A deep troll shaman (Lair:8)
  2 tengu warriors (D:14)
  3 unseen horrors
  5 skeletal warriors
  A sea snake (Lair:6)
  An ice statue (D:12)
  4 hill giants
  3 orc knights (Orc:4)
  A manticore (D:14)
  8 ugly things
  8 griffons
  5 cyclopes
  9 black mambas
  22 elephants
  11 spiny frogs
  A gargoyle (D:12)
  2 torpor snails
  An efreet (D:14)
  4 yaktaurs (D:14)
  A kobold demonologist (D:14)
  14 komodo dragons
  6 fire drakes
  A tengu conjurer (D:14)
  5 trolls
  4 polar bears
  8 blink frogs
  3 two-headed ogres
  A harpy skeleton (D:15)
  A hornet zombie (D:13)
  4 slime creatures (D:13)
  3 wraiths (Lair:4)
  A water elemental (Lair:4)
  2 shadows
  5 wyverns
  60 yaks
  3 basilisks
  4 deep elf magi
  A hog (shapeshifter) (D:14)
  11 hippogriffs
  3 hungry ghosts
  Menkaure (D:5)
  2 wargs
  3 vampire mosquitoes (D:12)
  21 wolves
  Edmund (D:6)
  7 porcupines
  15 water moccasins
  2 soldier ants (D:8)
  2 sky beasts
  An eye of draining (D:13)
  A necrophage (D:11)
  2 ice beasts
  4 phantoms
  40 orc warriors
  3 boggarts (D:14)
  2 black bears (D:10)
  13 ogres
  The ghost of Medved the Firebug, an average DgFE (D:3)
  16 crocodiles
  25 centaurs
  A brain worm (D:13)
  10 big kobolds
  28 giant frogs
  15 killer bees
  A water moccasin skeleton (D:4)
  A scorpion (D:5)
  A wyvern skeleton (D:11)
  2 giant frog zombies
  3 crimson imps
  A wyvern simulacrum (D:14)
  8 hounds
  4 jellies
  3 lava snakes (Lair:1)
  4 quasits
  6 centaur skeletons
  5 centaur zombies
  30 orc wizards
  Crazy Yiuf (D:5)
  28 orc priests
  3 giant frog skeletons
  17 iguanas
  11 worker ants
  31 sheep
  2 hound skeletons
  3 worker ant zombies
  80 river rats
  12 adders
  A gnoll (Bailey)
  3 shadow imps
  6 oozes
  An adder skeleton (D:5)
  8 worms
  162 orcs
  9 ball pythons
  8 giant cockroaches
  16 goblins
  7 hobgoblins
  39 kobolds
  7 quokkas
  7 bats
  10 giant geckos
  A giant gecko zombie (D:5)
  6 giant newts
  8 jackals
  7 rats
  3 butterflies (D:5)
  8 fungi
  14 plants
1081 creatures vanquished.

Vanquished Creatures (others)
  3 boggarts (D:14)
  10 fungi
  6 plants
19 creatures vanquished.

Grand Total: 1100 creatures vanquished

Notes
Turn   | Place    | Note
--------------------------------------------------------------
     0 | D:1      | Medved the Minotaur Berserker began the quest for the Orb.
     0 | D:1      | Reached XP level 1. HP: 19/19 MP: 0/0
   170 | D:1      | Reached XP level 2. HP: 8/27 MP: 1/1
   190 | D:1      | Reached skill level 4 in Fighting
   894 | D:2      | Reached XP level 3. HP: 30/33 MP: 2/2
  1074 | D:2      | Acquired Trog's second power
  1105 | D:2      | Found a basalt altar of Yredelemnul.
  1476 | D:2      | Reached XP level 4. HP: 41/41 MP: 3/3
  1640 | D:3      | Noticed Medved's ghost (average DgFE)
  1646 | D:3      | Killed Medved's ghost
  1646 | D:3      | Reached skill level 5 in Axes
  1646 | D:3      | Reached XP level 5. HP: 47/47 MP: 4/4
  1683 | D:3      | Found an opulent altar of Gozag.
  2006 | D:3      | Found a sacrificial altar of Ru.
  2773 | D:4      | Noticed an ogre
  2778 | D:4      | Killed an ogre
  2778 | D:4      | Reached skill level 5 in Fighting
  2778 | D:4      | Reached skill level 1 in Shields
  2778 | D:4      | Reached XP level 6. HP: 53/56 MP: 5/5
  2780 | D:4      | Reached skill level 5 in Armour
  2799 | D:4      | Reached skill level 6 in Axes
  3119 | D:4      | Found a shadowy altar of Dithmenos.
  3403 | D:5      | Entered Level 5 of the Dungeon
  3564 | D:5      | Reached XP level 7. HP: 59/61 MP: 6/6
  3790 | D:5      | Reached skill level 7 in Axes
  4126 | D:5      | Found Fuurr's Book Boutique.
  4141 | D:5      | Got a steaming robe
  4444 | D:5      | Reached skill level 8 in Axes
  4444 | D:5      | Reached XP level 8. HP: 62/70 MP: 7/7
  4526 | D:5      | Found a staircase to the Ecumenical Temple.
  4535 | D:5      | Noticed Menkaure
  4540 | D:5      | Killed Menkaure
  4591 | D:5      | Noticed Crazy Yiuf
  4608 | D:5      | Killed Crazy Yiuf
  4841 | D:6      | Noticed Edmund
  4859 | D:6      | Killed Edmund
  4859 | D:6      | Reached skill level 9 in Axes
  5005 | D:6      | Found a glowing drain.
  5024 | Sewer    | Entered a sewer
  5327 | Sewer    | Acquired Trog's third power
  5404 | Sewer    | Reached skill level 5 in Shields
  5591 | Sewer    | Reached XP level 9. HP: 78/78 MP: 8/8
  6450 | D:7      | Found a burning altar of Makhleb.
  6450 | D:7      | Found a shattered altar of Ashenzari.
  6451 | D:7      | Found an iron altar of Okawaru.
  6624 | D:7      | Reached skill level 10 in Axes
  7138 | D:8      | Found a deep blue altar of Sif Muna.
  7622 | D:8      | Reached skill level 11 in Axes
  7622 | D:8      | Reached skill level 10 in Armour
  7622 | D:8      | Reached XP level 10. HP: 71/86 MP: 9/9
  7753 | D:8      | Found Zin's Purification Station.
  7756 | D:8      | Found a glowing silver altar of Zin.
  8194 | D:9      | Received a gift from Trog
  8207 | D:9      | Found a flagged portal.
  8218 | Bailey   | Entered a bailey
  9542 | D:9      | Found Oquurah's Weapon Shoppe.
  9836 | D:9      | Received a gift from Trog
  9836 | D:9      | Reached skill level 12 in Axes
 10425 | D:10     | Entered Level 10 of the Dungeon
 10816 | D:10     | Noticed a hill giant
 10825 | D:10     | Killed a hill giant
 10825 | D:10     | Reached XP level 11. HP: 92/95 MP: 10/10
 11022 | D:10     | Found a staircase to the Lair.
 11194 | Lair:1   | Entered Level 1 of the Lair of Beasts
 11483 | Lair:1   | Found an iron altar of Okawaru.
 11517 | Lair:1   | Received a gift from Trog
 11637 | Lair:1   | Noticed Harold
 11655 | Lair:1   | Killed Harold
 11655 | Lair:1   | Reached skill level 13 in Axes
 12677 | Lair:2   | Upgraded the game from 0.17-a0-1805-g6093636 to 0.17-a0-1830-g81820eb
 13217 | Lair:3   | Noticed a six-headed hydra
 13228 | Lair:3   | Killed a nine-headed hydra
 14280 | Lair:3   | Reached skill level 14 in Axes
 14401 | Lair:4   | Found a staircase to the Shoals.
 14425 | Lair:4   | Noticed Josephine
 14434 | Lair:4   | Killed Josephine
 14437 | Lair:4   | Reached XP level 12. HP: 95/106 MP: 11/11
 14899 | Lair:4   | Got a colourful robe
 15367 | Lair:4   | Reached skill level 10 in Fighting
 15369 | Lair:4   | Reached skill level 15 in Axes
 15842 | Lair:5   | Noticed an eight-headed hydra
 15850 | Lair:5   | Killed a 12-headed hydra
 16099 | Lair:5   | Received a gift from Trog
 16117 | Lair:5   | Noticed a four-headed hydra
 16125 | Lair:5   | Killed an eight-headed hydra
 16487 | Lair:5   | Reached skill level 16 in Axes
 16901 | Lair:5   | Reached XP level 13. HP: 115/115 MP: 12/12
 17858 | Lair:6   | Reached skill level 17 in Axes
 18064 | Lair:6   | Found a staircase to the Snake Pit.
 18379 | Lair:6   | Reached skill level 15 in Armour
 18696 | Lair:6   | Received a gift from Trog
 19722 | Lair:7   | Reached skill level 18 in Axes
 20605 | Lair:7   | Received a gift from Trog
 20607 | Lair:7   | Reached XP level 14. HP: 103/126 MP: 13/13
 21750 | Lair:7   | Reached skill level 19 in Axes
 21956 | Lair:8   | Entered Level 8 of the Lair of Beasts
 22055 | Lair:8   | Found a staircase to the Slime Pits.
 23072 | Lair:8   | Received a gift from Trog
 23221 | Lair:8   | Noticed Maud
 23230 | Lair:8   | Killed Maud
 23666 | Lair:8   | Reached skill level 20 in Axes
 23725 | Lair:8   | Identified the Papyrus of the Oath
 24591 | D:11     | Found a bloodstained altar of Trog.
 24627 | D:11     | Noticed Erolcha
 24661 | D:11     | Killed Erolcha
 25155 | D:11     | Received a gift from Trog
 25250 | D:11     | Got a coiled golden ring
 25260 | D:11     | Identified the ring "Vymus" {+Blink rPois rN+ SInv} (You found it on level 11 of the Dungeon)
 25311 | D:11     | Noticed Fannar
 25328 | D:11     | Killed Fannar
 25328 | D:11     | Reached XP level 15. HP: 129/136 MP: 14/14
 25524 | D:11     | Noticed a tengu reaver
 25527 | D:11     | Killed a tengu reaver
 25863 | D:11     | Found Kaish's Antique Weapon Shop.
 25941 | D:12     | Found a staircase to the Orcish Mines.
 27311 | Orc:1    | Entered Level 1 of the Orcish Mines
 27311 | Orc:1    | Noticed matakusis's ghost (powerful DsEn)
 27325 | Orc:1    | Killed matakusis's ghost
 27407 | Orc:1    | Found a roughly hewn altar of Beogh.
 28050 | Orc:2    | Received a gift from Trog
 28104 | Orc:2    | Found Qusiruri's Book Boutique.
 29120 | Orc:3    | Found a roughly hewn altar of Beogh.
 29419 | Orc:3    | Received a gift from Trog
 29868 | Orc:4    | Entered Level 4 of the Orcish Mines
 29868 | Orc:4    | Found Edicemm's Gadget Emporium.
 30017 | Orc:4    | Reached skill level 21 in Axes
 30254 | Orc:4    | Found a staircase to the Elven Halls.
 30561 | Orc:4    | Found Vuque's Magic Scroll Boutique.
 30561 | Orc:4    | Found Puqaady's Antique Weapon Emporium.
 30594 | Orc:4    | Found Yghipeq's Food Shop.
 30610 | Orc:4    | Found Gisyodugg's Antique Weapon Shoppe.
 30642 | Orc:4    | Bought a scroll of enchant armour for 112 gold pieces
 30642 | Orc:4    | Bought a scroll of enchant weapon for 112 gold pieces
 30642 | Orc:4    | Bought a scroll of teleportation for 45 gold pieces
 30673 | Orc:4    | Received a gift from Trog
 31936 | D:13     | Noticed Rupert
 31950 | D:13     | Killed Rupert
 33372 | D:14     | Found Uphiyleb's Antique Weapon Shop.
 33437 | D:14     | Received a gift from Trog
 33448 | D:14     | Got a fine war axe {god gift}
 33449 | D:14     | Identified the +10 war axe of Trog's Favour {chop, *Confuse rPois Int+4 Dex+2} (Trog gifted it to you on level 14 of the Dungeon)
 33543 | D:14     | Reached skill level 22 in Axes
 34148 | D:14     | Reached XP level 16. HP: 146/146 MP: 15/15
 34530 | D:14     | Found a gate to the Vaults.
 35593 | D:15     | Entered Level 15 of the Dungeon
 35758 | D:15     | Received a gift from Trog
 35961 | D:15     | Killed from afar by a fire dragon

Vault maps used:
D:1:      dpeg_arrival_renting
D:2:      lemuel_coloured_pillars_altar, first_bread
D:3:      lemuel_crystal_altar, nicolae_ru_path_of_blood, st_stairs_11,
          minmay_misc_feat_cross, minmay_cut_off
D:4:      nicolae_dithmenos_shadow_blocks
D:5:      minmay_temple_entry_butterflies, serial_shops, nicolae_shop_trees,
          uniq_crazy_yiuf_cottage, uniq_menkaure
D:6:      portal_sewer_entry_f, minmay_misc_feat_rugged, uniq_edmund
D:7:      gammafunk_temple_overflow_claw
D:8:      led_sif_pool, zin_purify, hangedman_pestilent_swarm
D:9:      enter_bailey_3, serial_shops, shop
D:10:     david_lair_shrubbed
D:11:     serial_shops, shop, basic_altar, kennysheep_just_a_vault, uniq_fannar,
          uniq_erolcha
D:12:     orc_0_dummy, portal_ice_cave_entry_ice_statue_01
D:13:     uniq_rupert
D:14:     hangedman_vaults_entry_quadrant_bands, serial_shops, shop,
          hangedman_abyss_or_decor_lesser_grid, minmay_misc_feat_doors
D:15:     grunt_enter_depths_hoard, grunt_ministairs_6, minivault_27
Lair:1:   basic_altar, disabler_island, uniq_harold
Lair:3:   wad_woods_minihive, cheibrodos_lair_reptile_den
Lair:4:   minmay_shoals_entry_centaurs, infiniplex_staircase_pool,
          uniq_josephine
Lair:5:   st_stairs_10, beast_lair_carwin_6
Lair:6:   minmay_snake_entry_six_corridors, serial_bayou_shore_b,
          serial_bayou_shore_b
Lair:7:   lookout_lair_type
Lair:8:   grunt_lair_end_beastmaster, slime_dummy, fungi_pond_lemuel, uniq_maud
Orc:1:    basic_altar
Orc:2:    serial_shops, shop
Orc:3:    basic_altar, nicolae_orc_pool_cavern
Orc:4:    st_orc_rangers, serial_shops, shop
Sewer:    sewer_co_tree
Bailey:   bailey_axe_1, bailey

Action                   |  1- 3 |  4- 6 |  7- 9 | 10-12 | 13-15 | 16-18 || total
-------------------------+-------+-------+-------+-------+-------+-------++-------
Melee: Hand axe          |    81 |   125 |   686 |   231 |       |       ||  1123
       War axe           |       |       |       |   117 |    65 |    93 ||   275
       Executioner's axe |       |       |       |   242 |   460 |       ||   702
       Battleaxe         |       |       |       |       |   549 |       ||   549
Invok: Berserk           |       |     2 |     3 |    12 |    13 |     1 ||    31
       Burn Spellbooks   |       |       |       |     2 |     1 |       ||     3
 Abil: Evoke Flight      |       |       |       |     2 |       |       ||     2
  Use: Scroll            |     1 |     4 |     3 |    19 |     8 |     1 ||    36
 Stab: Petrified         |       |       |       |       |     1 |       ||     1
  Eat: Chunk             |     1 |    14 |    24 |    43 |    74 |    14 ||   170
